[Event "Titled Tuesday Blitz June 8 2021"]
[White "Abdusattorov, Nodirbek"]
[Black "Orozbaev, Eldiar"]
[WhiteFideId "14204118"]
[BlackFideId "13802240"]
[WhiteElo "2662"]
[BlackElo "1914"]
[Result "1-0"]
[Round "01"]
[TimeControl "180+1"]
[Date "2021.06.08"]
[WhiteClock "0:00:51"]
[BlackClock "0:00:20"]

1. d4 Nf6 2. c4 e6 3. Nf3 d5 4. Nc3 Be7 5. Bg5 c6 6. Qc2 O-O 7. e3 a6 8. O-O-O dxc4 9. Bxc4 b5 10. Bb3 a5 11. Qd3 a4 12. Bc2 g6 13. e4 b4 14. Nxa4 Ba6 15. Qd2 Bb5 16. b3 Nbd7 17. Ne5 Nxe5 18. dxe5 Ng4 19. Qxd8 Bxd8 20. Bxd8 Rfxd8 21. f4 Bxa4 22. bxa4 Ne3 23. Rxd8+ Rxd8 24. g3 c5 25. Re1 Nxc2 26. Kxc2 c4 27. Rb1 Rb8 28. a3 b3+ 29. Kc3 Ra8 30. Kxc4 Rxa4+ 31. Kxb3 Rxe4 32. Rb2 Re3+ 33. Kb4 h5 34. a4 h4 35. a5 hxg3 36. hxg3 Rxg3 37. a6 Rg1 38. Ra2 Rb1+ 39. Kc5 Rb8 40. a7 Ra8 41. Kb6 g5 42. fxg5 Kg7 43. Kb7 Rxa7+ 44. Kxa7 Kg6 45. Rf2 1-0


[Site "https://www.chess.com"]

[Event "Titled Tuesday Blitz June 8 2021"]
[White "Acor, Corey"]
[Black "Pastar, Slaven"]
[WhiteFideId "2024861"]
[BlackFideId "14402718"]
[WhiteElo "2776"]
[BlackElo "2420"]
[Result "0-1"]
[Round "01"]
[TimeControl "180+1"]
[Date "2021.06.08"]
[WhiteClock "0:00:01"]
[BlackClock "0:00:13"]

1. e4 b6 2. Nc3 Bb7 3. g3 e6 4. Bg2 d5 5. d3 d4 6. Nce2 Nc6 7. f4 Bb4+ 8. Bd2 Bxd2+ 9. Qxd2 Qd7 10. Nf3 Nge7 11. O-O f6 12. a3 e5 13. fxe5 Nxe5 14. Nfxd4 O-O-O 15. Nf5 Nxf5 16. Rxf5 Rhf8 17. Raf1 Kb8 18. h3 Qd6 19. Kh2 g6 20. R5f2 h5 21. d4 Ba6 22. c3 h4 23. Kh1 hxg3 24. Rf4 g5 25. Rf5 g4 26. R1f4 Rh8 27. Nxg3 gxh3 28. Bf1 Bxf1 29. Rxf1 Nc4 30. Qf2 Rdg8 31. Kh2 Nd2 32. Rxf6 Nxf1+ 33. Kh1 Nxg3+ 34. Kg1 Nxe4+ 0-1


[Site "https://www.chess.com"]

[Event "Titled Tuesday Blitz June 8 2021"]
[White "Ahmadzada, Ahmad"]
[Black "Popadic, Dragan"]
[WhiteFideId "13413007"]
[BlackFideId "913650"]
[WhiteElo "2830"]
[BlackElo "2448"]
[Result "1-0"]
[Round "01"]
[TimeControl "180+1"]
[Date "2021.06.08"]
[WhiteClock "0:01:38"]
[BlackClock "0:00:22"]

1. e4 c5 2. Nf3 Nc6 3. Nc3 e5 4. Bc4 Be7 5. d3 Nf6 6. Nd2 d6 7. Nf1 O-O 8. Ne3 Be6 9. O-O a6 10. a4 Rb8 11. Ned5 Bxd5 12. Nxd5 Kh8 13. f4 exf4 14. Bxf4 Ne5 15. Bxe5 dxe5 16. Nxf6 Bxf6 17. a5 Qe7 18. Qh5 g6 19. Qh3 Bg7 20. Rf3 f6 21. Raf1 Qd8 22. Rg3 g5 23. Be6 Qe8 24. Bf5 h6 25. Qg4 Qf7 26. Rh3 b6 27. axb6 Rxb6 28. b3 a5 29. Rh5 Ra8 30. h4 Kg8 31. hxg5 fxg5 32. Bh7+ 1-0


[Site "https://www.chess.com"]

[Event "Titled Tuesday Blitz June 8 2021"]
[White "Aitbayev, Aslan"]
[Black "Sinitsina, Anastassia"]
[WhiteFideId "13704613"]
[BlackFideId "4504640"]
[WhiteElo "2417"]
[BlackElo "2179"]
[Result "1-0"]
[Round "01"]
[TimeControl "180+1"]
[Date "2021.06.08"]
[WhiteClock "0:00:27"]
[BlackClock "0:00:40"]

1. e4 e5 2. Nf3 Nc6 3. Bb5 a6 4. Ba4 Nf6 5. d3 b5 6. Bb3 Be7 7. O-O O-O 8. h3 d6 9. a3 Bb7 10. Nc3 Na5 11. Ba2 c5 12. Bg5 Nc6 13. Bxf6 Bxf6 14. Nd5 Be7 15. c3 Re8 16. b4 Bf8 17. Rb1 Ne7 18. Ng5 Nxd5 19. Qh5 h6 20. Qxf7+ Kh8 21. Qxb7 Qxg5 22. Bxd5 Rab8 23. Qxa6 Qd2 24. bxc5 dxc5 25. Rxb5 Qxd3 26. Rxb8 Qxa6 27. Rxe8 1-0


[Site "https://www.chess.com"]

[Event "Titled Tuesday Blitz June 8 2021"]
[White "Andreikin, Dmitry"]
[Black "Ghazarian, Kirk"]
[WhiteFideId "4158814"]
[BlackFideId "30908604"]
[WhiteElo "2782"]
[BlackElo "1987"]
[Result "1-0"]
[Round "01"]
[TimeControl "180+1"]
[Date "2021.06.08"]
[WhiteClock "0:00:03"]
[BlackClock "0:00:02"]

1. d4 Nf6 2. c4 e6 3. Nf3 d5 4. Nc3 c6 5. e3 Nbd7 6. Be2 dxc4 7. a4 Bd6 8. Nd2 O-O 9. Nxc4 Bc7 10. b3 e5 11. Ba3 Re8 12. Nd6 Bxd6 13. Bxd6 Nd5 14. Nxd5 cxd5 15. O-O e4 16. Rc1 Nf6 17. Be5 Bd7 18. b4 Rc8 19. Qb3 Be6 20. a5 a6 21. Rxc8 Qxc8 22. b5 axb5 23. Bxb5 Rd8 24. Rb1 Qa8 25. Qb4 Rc8 26. h3 Ne8 27. Qe7 Nf6 28. Bc7 Ne8 29. Bb6 Nf6 30. Bf1 Nd7 31. h4 Nxb6 32. axb6 Re8 33. Qd6 Rd8 34. Qe7 Re8 35. Qb4 Rc8 36. h5 h6 37. Qd6 Rd8 38. Qf4 Rc8 39. Be2 Qa2 40. Re1 Qd2 41. Ra1 Qxe2 42. Qd6 Qc4 43. Qe7 Qc6 44. Qb4 Rb8 45. Ra7 Rc8 46. Kh2 Bf5 47. Ra5 Bg4 48. Rc5 Qd7 49. Rxc8+ Qxc8 50. Qd6 Be6 51. Kg1 Qd7 52. Qb8+ Kh7 53. Kh2 Qb5 54. Qd8 Qc6 55. Kg1 Qc1+ 56. Kh2 Qc6 57. Kg1 Bg4 58. Kh2 Bxh5 59. Qe7 Bg6 60. Qd8 h5 61. Kg1 Bf5 62. Kh2 g6 63. Kg1 Kg7 64. Kh2 Be6 65. Kg1 f6 66. Qe7+ Bf7 67. Qd8 g5 68. Kh1 h4 69. Kh2 Kg6 70. Kg1 g4 71. Kh2 Kg7 72. Kg1 g3 73. fxg3 hxg3 74. Qc7 Qb5 75. Qxg3+ Kh7 76. Qd6 Qb1+ 77. Kh2 Qb5 78. Qxf6 Kg8 79. Qd8+ Kg7 80. Qc7 1-0


[Site "https://www.chess.com"]

[Event "Titled Tuesday Blitz June 8 2021"]
[White "Avramidou, Anastasia"]
[Black "Kukhmazov, Arsen"]
[WhiteFideId "4239873"]
[BlackFideId "24108260"]
[WhiteElo "2448"]
[BlackElo "2834"]
[Result "1-0"]
[Round "01"]
[TimeControl "180+1"]
[Date "2021.06.08"]
[WhiteClock "0:00:11"]
[BlackClock "0:00:04"]

1. Nf3 Nf6 2. g3 b5 3. Bg2 Bb7 4. O-O e6 5. a4 b4 6. a5 Be7 7. d3 O-O 8. Nbd2 d5 9. Nb3 c5 10. Bg5 Qc8 11. Re1 h6 12. Bf4 Nc6 13. e4 dxe4 14. dxe4 c4 15. Nbd4 Rd8 16. Nxc6 Qxc6 17. Qe2 Bc5 18. Ne5 Qb5 19. Nxc4 Rd4 20. Nd2 Qxe2 21. Rxe2 Rd7 22. a6 Bc6 23. Nb3 Bb6 24. h3 Rad8 25. Be3 Bb5 26. Bxb6 axb6 27. Ree1 Ra7 28. e5 Nd5 29. Nd4 Be8 30. Red1 Kf8 31. Bf1 Ke7 32. Nb5 Bxb5 33. Bxb5 Rc8 34. Bd3 Rc5 35. Ra4 b5 36. Ra5 Nc7 37. f4 Rxa6 38. Rxa6 Nxa6 39. Ra1 Nc7 40. Ra7 Kd7 41. Kf2 h5 42. Ke3 g6 43. Kd4 Rd5+ 44. Ke4 Kc6 45. Ke3 Rd8 46. Be4+ Kd7 47. Kd4 Ke8+ 48. Kc5 Nd5 49. Kxb5 Ne3 50. Ra8 Rxa8 51. Bxa8 Nxc2 52. Be4 Nd4+ 53. Kxb4 Ne2 54. Kc5 Nxg3 55. Bc6+ Kd8 56. Kd6 Nf5+ 57. Kc5 Kc7 58. b4 Ne3 59. b5 Nc2 60. b6+ Kb8 61. Kd6 Nd4 62. Be4 Ne2 63. Ke7 Nxf4 64. Kxf7 g5 65. Kf6 g4 66. hxg4 hxg4 67. Kg5 Ne2 68. Kxg4 Nc3 69. Bc6 Ne2 70. Kg5 Nd4 71. Be4 Kc8 72. Kf6 Kd7 73. b7 Kc7 74. Ke7 Kb8 75. Kd6 Nb5+ 76. Kxe6 Nc3 77. Bf3 Kc7 78. Kf7 Nb5 79. e6 Nd4 80. e7 1-0


[Site "https://www.chess.com"]

[Event "Titled Tuesday Blitz June 8 2021"]
[White "Bachmann, Axel"]
[Black "Dushyant Sharma"]
[WhiteFideId "3700488"]
[BlackFideId "25065130"]
[WhiteElo "2642"]
[BlackElo "2019"]
[Result "1-0"]
[Round "01"]
[TimeControl "180+1"]
[Date "2021.06.08"]
[WhiteClock "0:02:29"]
[BlackClock "0:02:16"]

1. d4 d5 2. c4 e6 3. Nf3 Be7 4. Nc3 f5 5. Bf4 Nf6 6. e3 O-O 7. Bd3 c6 8. O-O Ne4 9. Rc1 Nd7 10. Qb3 b6 11. cxd5 exd5 12. Nxd5 Kh8 13. Nc7 Bb7 14. Nxa8 Qxa8 15. Qe6 1-0


[Site "https://www.chess.com"]

[Event "Titled Tuesday Blitz June 8 2021"]
[White "Bacrot, Etienne"]
[Black "Kotepalli, Sai Nirupama"]
[WhiteFideId "605506"]
[BlackFideId "5039444"]
[WhiteElo "2673"]
[BlackElo "2411"]
[Result "1-0"]
[Round "01"]
[TimeControl "180+1"]
[Date "2021.06.08"]
[WhiteClock "0:00:10"]
[BlackClock "0:00:15"]

1. e4 c5 2. Nf3 e6 3. c3 Nf6 4. e5 Nd5 5. Bc4 Nb6 6. Bb3 c4 7. Bc2 Nc6 8. O-O f5 9. d4 cxd3 10. Qxd3 Be7 11. Rd1 Qc7 12. Qe2 O-O 13. h4 d6 14. Bf4 d5 15. Nbd2 Bd7 16. Bd3 Be8 17. Ng5 Bxg5 18. hxg5 d4 19. c4 Nb4 20. Bb1 Rd8 21. a3 d3 22. Qe3 Nc2 23. Bxc2 dxc2 24. Rdc1 Nxc4 25. Qc3 b5 26. b3 Qa5 27. Qxa5 Nxa5 28. Rxc2 Rd3 29. Rb1 Rd4 30. Be3 Rd5 31. Bxa7 Rxe5 32. Nf3 Rd5 33. Bd4 Nc6 34. Bb2 Bg6 35. Rxc6 f4 36. Re1 Bf5 37. Rc7 Rd3 38. Rxg7+ 1-0


[Site "https://www.chess.com"]

[Event "Titled Tuesday Blitz June 8 2021"]
[White "Badelka, Olga"]
[Black "Annaberdiyev, Babageldi"]
[WhiteFideId "13509926"]
[BlackFideId "14000385"]
[WhiteElo "2181"]
[BlackElo "2332"]
[Result "0-1"]
[Round "01"]
[TimeControl "180+1"]
[Date "2021.06.08"]
[WhiteClock "0:00:01"]
[BlackClock "0:00:18"]

1. Nf3 c5 2. g3 Nc6 3. c4 g6 4. Bg2 Bg7 5. Nc3 d6 6. O-O e5 7. d3 Nge7 8. Ne1 Be6 9. Nd5 O-O 10. a3 a5 11. Nc2 Nd4 12. Nxe7+ Qxe7 13. Ne3 a4 14. Nd5 Qd8 15. Be3 Nb3 16. Rb1 f5 17. f4 Rb8 18. Nc3 Qd7 19. Nb5 h6 20. fxe5 dxe5 21. Qe1 g5 22. Kh1 f4 23. Bg1 Rbe8 24. Rd1 Re7 25. Nc3 Ref7 26. Nd5 b5 27. Nc3 bxc4 28. dxc4 Nd4 29. e3 fxe3 30. Qxe3 Bxc4 31. Rxf7 Bxf7 32. Ne4 c4 33. Rf1 Bg6 34. Rxf8+ Kxf8 35. Nc5 Qb5 36. Qf2+ Kg8 37. Ne4 Qb6 38. Nc3 Kh7 39. Nxa4 Qe6 40. Nc5 Qe7 41. Ne4 g4 42. Nc3 e4 43. Qe3 Nf3 44. h3 Bd4 45. Qf4 Nxg1 46. Nxe4 gxh3 0-1


[Site "https://www.chess.com"]

[Event "Titled Tuesday Blitz June 8 2021"]
[White "Balabayeva, Xeniya"]
[Black "Korobov, Anton"]
[WhiteFideId "13719688"]
[BlackFideId "14105730"]
[WhiteElo "1937"]
[BlackElo "2668"]
[Result "0-1"]
[Round "01"]
[TimeControl "180+1"]
[Date "2021.06.08"]
[WhiteClock "0:00:03"]
[BlackClock "0:00:49"]

1. e4 c5 2. Nf3 Nc6 3. Bb5 e6 4. O-O Nge7 5. c3 a6 6. Be2 d5 7. exd5 Nxd5 8. d4 cxd4 9. Nxd4 Bd7 10. Nxc6 Bxc6 11. c4 Nf6 12. Be3 Qc7 13. Nc3 Bd6 14. h3 O-O 15. Qc2 Bh2+ 16. Kh1 Bf4 17. Bxf4 Qxf4 18. Rad1 g6 19. Qc1 Qf5 20. Qe3 Rad8 21. Bd3 Qh5 22. Be2 Qh4 23. Kh2 Nd7 24. b3 Qe7 25. Bf3 Bxf3 26. Qxf3 Ne5 27. Qe3 Nc6 28. Ne4 e5 29. Qc5 Qe6 30. Rd6 Qf5 31. f3 Rxd6 32. Nxd6 Qf4+ 33. Kg1 Nd4 34. Ne4 f5 35. Nd6 Qe3+ 36. Kh1 Qe2 37. Rg1 Qf2 38. Qd5+ Kg7 39. Qxe5+ Kh6 40. Qf4+ g5 41. Qe5 Ne2 42. Ra1 Nf4 43. Qe7 Qxg2# 0-1


[Site "https://www.chess.com"]

[Event "Titled Tuesday Blitz June 8 2021"]
[White "Baradaran, Arman"]
[Black "Quizon, Daniel"]
[WhiteFideId "880515"]
[BlackFideId "5217911"]
[WhiteElo "2421"]
[BlackElo "2784"]
[Result "1/2-1/2"]
[Round "01"]
[TimeControl "180+1"]
[Date "2021.06.08"]
[WhiteClock "0:00:02"]
[BlackClock "0:00:59"]

1. d4 Nf6 2. c4 c5 3. d5 b5 4. Qc2 bxc4 5. e4 d6 6. Nf3 Nbd7 7. Na3 g6 8. Nxc4 Bg7 9. h3 O-O 10. Bd2 Ba6 11. Bc3 Nb6 12. Na5 Bxf1 13. Kxf1 Qd7 14. g3 e6 15. dxe6 Qxe6 16. Re1 Qxa2 17. Kg2 Rfe8 18. Nb7 Qe6 19. Nxd6 Qxd6 20. e5 Qc6 21. exf6 Bxf6 22. Bxf6 Qxf6 23. Qxc5 Qxb2 24. Qc6 Rec8 25. Qb7 Nc4 26. Qd5 Nb6 27. Qb7 Rcb8 28. Qc6 Rd8 29. Re7 Qb3 30. Rb7 Qd5 31. Rc1 Qxc6 32. Rxc6 Rdb8 33. Rcc7 Rxb7 34. Rxb7 Nd5 35. Ne5 f6 36. Nc6 a5 37. Rb5 Nc7 38. Rxa5 Rxa5 39. Nxa5 Kf7 40. Nc4 Ke6 41. Ne3 Ke5 42. Kf3 h5 43. h4 Ne6 44. Nc4+ Kd5 45. Ne3+ Kd4 46. Ng2 Ke5 47. Ne3 Nd4+ 48. Kg2 Ke4 49. Nc4 Nf5 50. Nd2+ Kd3 51. Nb3 Nd4 52. Nc5+ Kc4 53. Nd7 Kd5 54. Nxf6+ Ke5 55. Nd7+ Kd6 56. Nf8 g5 57. hxg5 Ke5 58. f4+ Kf5 59. Nd7 Nc6 60. Nf6 Kg6 61. Ne4 Ne7 62. Nf2 Kf5 63. Nh3 Ng6 64. Ng1 Kg4 65. Nf3 Ne7 66. Nh2+ Kf5 67. Nf3 Kg4 68. Ne5+ Kf5 69. Kf3 Nd5 70. Nd3 Nc7 71. Nf2 Ne6 72. Nh3 Nd4+ 73. Ke3 Nc2+ 74. Kf2 Nb4 75. Ng1 Nd3+ 76. Kf3 Nb4 77. Kg2 Kg4 78. Nf3 Nd5 79. g6 Kf5 80. Nh4+ Kf6 81. Kf3 Nc3 82. g4 hxg4+ 83. Kxg4 Ne4 84. Kh5 Kg7 85. f5 Ng3+ 86. Kg4 Ne4 87. Nf3 Kf6 88. Kf4 Nd6 89. Nh4 Nxf5 90. Nxf5 Kxg6 1/2-1/2


[Site "https://www.chess.com"]

[Event "Titled Tuesday Blitz June 8 2021"]
[White "Bethke, Richard"]
[Black "Willow, Jonah B"]
[WhiteFideId "12959243"]
[BlackFideId "438804"]
[WhiteElo "2400"]
[BlackElo "2261"]
[Result "0-1"]
[Round "01"]
[TimeControl "180+1"]
[Date "2021.06.08"]
[WhiteClock "0:00:15"]
[BlackClock "0:01:03"]

1. e4 c5 2. Nf3 Nc6 3. d4 cxd4 4. Nxd4 g6 5. c4 Nf6 6. Nc3 d6 7. f3 Nxd4 8. Qxd4 Bg7 9. Be3 O-O 10. Qd2 a5 11. Na4 Nd7 12. O-O-O Qc7 13. Kb1 b6 14. h4 Nc5 15. Nxc5 bxc5 16. Bh6 Bd4 17. Bxf8 Kxf8 18. Qh6+ Bg7 19. Qxh7 Rb8 20. Rd2 Qb6 21. e5 Bf5+ 22. Kc1 Bxe5 23. b3 a4 24. Qh6+ Bg7 25. Qe3 axb3 26. axb3 Ra8 27. Kd1 Bd4 28. Qh6+ Kg8 29. Bd3 Ra1+ 30. Ke2 Bxd3+ 31. Rxd3 Rxh1 32. Qd2 Qa7 33. h5 Rxh5 34. b4 Re5+ 35. Kd1 Qa1+ 36. Kc2 Qb2+ 37. Kd1 Qb1+ 0-1


[Site "https://www.chess.com"]

[Event "Titled Tuesday Blitz June 8 2021"]
[White "Brankovic, Dejan"]
[Black "Costachi, Mihnea"]
[WhiteFideId "921602"]
[BlackFideId "1217518"]
[WhiteElo "2237"]
[BlackElo "2479"]
[Result "0-1"]
[Round "01"]
[TimeControl "180+1"]
[Date "2021.06.08"]
[WhiteClock "0:00:15"]
[BlackClock "0:00:51"]

1. e4 e5 2. Nf3 Nc6 3. c3 Nf6 4. d4 exd4 5. e5 Nd5 6. cxd4 Bb4+ 7. Bd2 O-O 8. Bc4 Bxd2+ 9. Nbxd2 Nf4 10. O-O d5 11. Bb5 Ne7 12. h3 Neg6 13. Re1 c6 14. Bf1 f6 15. Nb3 fxe5 16. Nxe5 Nxe5 17. Rxe5 Ng6 18. Re3 Qh4 19. Qd2 b6 20. Rae1 Bd7 21. a4 Rf7 22. a5 Raf8 23. R1e2 Nf4 24. Re1 Ng6 25. R1e2 h6 26. axb6 axb6 27. Rc3 Nf4 28. Re1 Ne6 29. g3 Qh5 30. f4 Qg6 31. Kh2 Nxf4 32. gxf4 Rxf4 33. Bg2 Rf2 34. Rg3 Rxd2 35. Rxg6 Rxb2 36. Re7 Rf7 37. Rxf7 Kxf7 38. Rg3 Bf5 39. Kg1 g5 40. Rc3 Ke7 41. Nc1 Kd6 42. Nd3 Rd2 43. Ne5 c5 44. Nf7+ Ke6 45. Nxh6 Rxd4 46. Nxf5 Kxf5 47. Rb3 c4 48. Rxb6 c3 49. Rc6 Rc4 50. Bxd5 Rxc6 51. Bxc6 c2 0-1


[Site "https://www.chess.com"]

[Event "Titled Tuesday Blitz June 8 2021"]
[White "Buchenau, Frank"]
[Black "Sumets, Andrey"]
[WhiteFideId "4604350"]
[BlackFideId "14105500"]
[WhiteElo "2255"]
[BlackElo "2619"]
[Result "0-1"]
[Round "01"]
[TimeControl "180+1"]
[Date "2021.06.08"]
[WhiteClock "0:00:01"]
[BlackClock "0:00:03"]

1. e4 e6 2. d4 d5 3. Nc3 Nf6 4. e5 Nfd7 5. f4 c5 6. Nf3 Nc6 7. Be3 Qb6 8. Na4 Qa5+ 9. c3 b6 10. Bd2 c4 11. b4 Qa6 12. a3 Be7 13. Nb2 b5 14. a4 bxa4 15. Nxa4 Qb5 16. Be2 a5 17. Nc5 Nb6 18. bxa5 Bxc5 19. dxc5 Nd7 20. Nd4 Qxc5 21. Be3 Nxd4 22. Bxd4 Qc7 23. Qa4 O-O 24. O-O Nc5 25. Qb5 Nb3 26. Bb6 Qb7 27. Ra2 Bd7 28. Qb4 Rfb8 29. Bf3 Bc6 30. Qd6 Qd7 31. Qxd7 Bxd7 32. f5 Bc6 33. fxe6 Rxb6 34. Bg4 Rbb8 35. exf7+ Kf8 36. e6 Ke7 37. a6 Rb6 38. a7 Rb7 39. Bd1 Rc7 40. Bc2 g6 41. h4 d4 42. cxd4 Nxd4 43. Bb1 Nxe6 44. h5 Bd5 45. hxg6 hxg6 46. Bxg6 Rcxa7 47. Re2 Kf8 48. Bf5 Nd4 49. Re5 Bxf7 50. Bg6 c3 51. Rd5 Ne2+ 52. Kh2 Kg7 53. Bxf7 Rxf7 0-1


[Site "https://www.chess.com"]

[Event "Titled Tuesday Blitz June 8 2021"]
[White "Calin, Alexandru"]
[Black "Maly, Alexey"]
[WhiteFideId "1222961"]
[BlackFideId "14103184"]
[WhiteElo "1993"]
[BlackElo "2285"]
[Result "1/2-1/2"]
[Round "01"]
[TimeControl "180+1"]
[Date "2021.06.08"]
[WhiteClock "0:00:28"]
[BlackClock "0:00:05"]

1. d4 d5 2. Nf3 Nf6 3. c4 dxc4 4. g3 c6 5. Bg2 e6 6. Ne5 Nbd7 7. Nxc4 Be7 8. O-O O-O 9. e4 b5 10. Ne3 Bb7 11. Nc3 a6 12. b3 Qb6 13. Bb2 Rfd8 14. Rc1 Rac8 15. e5 Nd5 16. Ncxd5 cxd5 17. Qd2 Rxc1 18. Rxc1 Rc8 19. Rxc8+ Bxc8 20. Qc2 Bb7 21. h4 h6 22. Bf1 Qc6 23. Qxc6 Bxc6 24. Bd3 Kf8 25. Kf1 a5 26. Ke2 b4 27. Nc2 f6 28. exf6 Bxf6 29. a3 bxa3 30. Bxa3+ Kf7 31. b4 axb4 32. Bxb4 Ba4 33. Ke3 Nb8 34. Bc5 Nc6 35. f4 g5 36. hxg5 hxg5 37. Ne1 gxf4+ 38. gxf4 Bd1 39. f5 e5 40. dxe5 Bxe5 41. Be2 Bxe2 42. Kxe2 Kf6 43. Nc2 Kxf5 44. Ne3+ Ke4 45. Nxd5 Kxd5 46. Be3 Ke4 47. Bf2 Ne7 48. Be3 Nd5 49. Bd2 Bd4 50. Bh6 Bc3 51. Bg5 Nc7 52. Bd2 Bd4 53. Bg5 Ne6 54. Bd2 Bb2 55. Be3 Ba3 56. Bd2 Nd4+ 57. Kf2 Bd6 58. Be3 Nf5 59. Bd2 Bc5+ 60. Kg2 Kd3 61. Bf4 Ke2 62. Bg5 Bf2 63. Bf4 Nh4+ 64. Kh3 Kf3 65. Bg3 Nf5 66. Bxf2 1/2-1/2


[Site "https://www.chess.com"]

[Event "Titled Tuesday Blitz June 8 2021"]
[White "Cardoso Cardoso, Jose Gabriel"]
[Black "Kejna, Piotr"]
[WhiteFideId "4430492"]
[BlackFideId "21821704"]
[WhiteElo "2805"]
[BlackElo "2430"]
[Result "1-0"]
[Round "01"]
[TimeControl "180+1"]
[Date "2021.06.08"]
[WhiteClock "0:00:12"]
[BlackClock "0:00:06"]

1. c4 e5 2. Nc3 Nf6 3. Nf3 d6 4. d4 exd4 5. Nxd4 g6 6. e4 Bg7 7. Be2 O-O 8. Bg5 Re8 9. f3 Be6 10. O-O Nbd7 11. Qd2 a5 12. Rad1 a4 13. f4 Nb6 14. e5 dxe5 15. fxe5 Bxc4 16. exf6 Bf8 17. Kh1 Bc5 18. Rf4 Bxe2 19. Ncxe2 Qd5 20. Nf3 Qxd2 21. Rxd2 Be3 22. Rc2 Bxf4 23. Nxf4 Rad8 24. h4 c6 25. Kh2 Rd6 26. h5 h6 27. Bxh6 Rxf6 28. hxg6 fxg6 29. Bg5 Rf5 30. g4 Rf7 31. Kg3 Nd5 32. Nxd5 cxd5 33. Nh4 Kg7 34. Rd2 Re1 35. Nf3 Rf1 36. Rd3 Rb1 37. Bd2 Kg8 38. Bc3 Rf1 39. a3 b5 40. Ng5 Rd7 41. Nh3 Rff7 42. Nf4 g5 43. Nxd5 Rb7 44. Ne3 Rbd7 45. Rxd7 Rxd7 46. Kf3 Kf7 47. Ke4 Ke6 48. Nf5 Rf7 49. Nd4+ Kd7 50. Bd2 Rf2 51. Kd3 Rg2 52. Nf3 Kc6 53. Bc3 Kd5 54. Nxg5 Rxg4 55. Nf3 Rg3 56. Ke3 Rh3 57. Ke2 Kc4 58. Nd2+ Kd5 59. Kd1 Rh2 60. Kc2 Rh3 61. Bb4 Rh2 62. Kd3 Rh3+ 63. Ke2 Rh2+ 64. Ke3 Rh3+ 65. Nf3 Rh1 66. Bc3 Kc4 67. Ke4 Kb3 68. Nd2+ Kc2 69. Kd4 Rh2 70. Kc5 Rxd2 71. Bxd2 Kxd2 72. Kxb5 Kc2 73. Kxa4 Kxb2 74. Kb4 1-0


[Site "https://www.chess.com"]

[Event "Titled Tuesday Blitz June 8 2021"]
[White "Dardha, Daniel"]
[Black "Karavaeva, Olga"]
[WhiteFideId "240990"]
[BlackFideId "4124111"]
[WhiteElo "2489"]
[BlackElo "2105"]
[Result "1/2-1/2"]
[Round "01"]
[TimeControl "180+1"]
[Date "2021.06.08"]
[WhiteClock "0:00:01"]
[BlackClock "0:00:55"]

1. d4 d5 2. c4 e6 3. Nc3 c6 4. e3 Nf6 5. b3 Nbd7 6. Bb2 Bd6 7. Bd3 O-O 8. Nge2 dxc4 9. bxc4 e5 10. h3 exd4 11. exd4 Re8 12. O-O Nf8 13. Qc2 h6 14. Rad1 Bd7 15. Bf5 Ne6 16. Rfe1 Qc7 17. a4 Rad8 18. Ba1 Bb4 19. Rb1 a5 20. Red1 Nf4 21. Bxd7 Rxd7 22. Ng3 Rde7 23. Nf5 Ne2+ 24. Kh1 Re6 25. Qd3 Nxc3 26. Bxc3 Bxc3 27. Qxc3 g6 28. Qg3 Qxg3 29. Nxg3 R8e7 30. Kg1 Kg7 31. Kf1 Ne4 32. Nxe4 Rxe4 33. Re1 Rxe1+ 34. Rxe1 Rxe1+ 35. Kxe1 f5 36. Kd2 Kf6 37. Kd3 Ke6 38. f4 Kd6 39. Kc3 Ke6 40. Kc2 Kd6 41. Kd3 Ke6 42. g3 Kd6 43. Kc3 Ke6 44. c5 Kd5 45. Kd3 Ke6 46. Kc4 Kf6 47. d5 h5 48. d6 Ke6 49. Kd4 Kf6 50. Kd3 Ke6 51. Kc4 Kf6 52. Kd4 Ke6 53. Ke3 Kf6 54. Kd3 Ke6 55. Kd4 Kf6 56. d7 Ke7 57. Ke5 Kxd7 58. Kf6 b6 59. cxb6 c5 60. Ke5 Kc6 61. h4 c4 62. Kd4 Kxb6 63. Kxc4 Kc6 64. Kd4 Kd6 65. Kc4 Kc6 66. Kd4 Kd6 67. Kc4 Kc6 1/2-1/2


[Site "https://www.chess.com"]

[Event "Titled Tuesday Blitz June 8 2021"]
[White "Delgadillo, Adonay"]
[Black "Murzin, Volodar"]
[WhiteFideId "3301915"]
[BlackFideId "44155573"]
[WhiteElo "2103"]
[BlackElo "2541"]
[Result "0-1"]
[Round "01"]
[TimeControl "180+1"]
[Date "2021.06.08"]
[WhiteClock "0:01:15"]
[BlackClock "0:00:51"]

1. e4 c6 2. d4 d5 3. exd5 cxd5 4. c4 Nf6 5. Nc3 g6 6. Bg5 Bg7 7. h3 O-O 8. Bxf6 Bxf6 9. Nxd5 Bg7 10. Nf3 Nc6 11. Be2 e6 12. Nc3 Nxd4 13. Nxd4 Bxd4 14. O-O Qb6 15. Na4 Qd6 16. Bf3 Rd8 17. Qb3 Rb8 18. c5 Qc7 19. Rfd1 e5 20. Bd5 Bf5 21. Rac1 Qe7 22. Qc4 Rbc8 23. b4 b5 24. Bxf7+ Qxf7 25. Qxb5 Qxa2 26. c6 Qxf2+ 0-1


[Site "https://www.chess.com"]

[Event "Titled Tuesday Blitz June 8 2021"]
[White "Wagner, Dinara"]
[Black "Xiong, Jeffery"]
[WhiteFideId "24157570"]
[BlackFideId "2047640"]
[WhiteElo "2260"]
[BlackElo "2724"]
[Result "0-1"]
[Round "01"]
[TimeControl "180+1"]
[Date "2021.06.08"]
[WhiteClock "0:00:02"]
[BlackClock "0:00:56"]

1. Nf3 c5 2. c4 Nc6 3. g3 g6 4. Bg2 Bg7 5. Nc3 d6 6. a3 e6 7. b4 Nge7 8. O-O O-O 9. b5 Na5 10. Qa4 Bd7 11. Bb2 a6 12. d3 d5 13. Qc2 dxc4 14. bxa6 Rxa6 15. Rfd1 Nb3 16. Rab1 Nd4 17. Qd2 cxd3 18. Qxd3 Bc6 19. Ne4 Bb5 20. Qe3 Nd5 21. Qd2 Bxe2 22. Bxd4 Bxd1 23. Bxg7 Bxf3 24. Bxf3 Kxg7 25. Nxc5 Rb6 26. Rd1 Qe7 27. Qd4+ Nf6 28. Nd7 Rb3 29. Kg2 Rd8 30. Qc4 Rxf3 31. Kxf3 Rxd7 32. Rc1 Qxa3+ 33. Kg2 b5 34. Rc2 bxc4 0-1


[Site "https://www.chess.com"]

[Event "Titled Tuesday Blitz June 8 2021"]
[White "Drygalov, Sergey"]
[Black "Yirik, Volkan"]
[WhiteFideId "24171743"]
[BlackFideId "6300782"]
[WhiteElo "2812"]
[BlackElo "2439"]
[Result "1-0"]
[Round "01"]
[TimeControl "180+1"]
[Date "2021.06.08"]
[WhiteClock "0:00:32"]
[BlackClock "0:00:19"]

1. e4 c5 2. Nf3 d6 3. d4 cxd4 4. Nxd4 Nf6 5. Nc3 e6 6. g4 h6 7. Rg1 Nc6 8. Be3 a6 9. h4 h5 10. gxh5 Nxh5 11. Nxc6 bxc6 12. Bg5 Nf6 13. Qf3 Be7 14. O-O-O Qb6 15. Bc4 Bb7 16. Bb3 Qc7 17. Be3 Rg8 18. h5 O-O-O 19. Bg5 Nh7 20. Bf4 Nf6 21. Rd2 c5 22. Bg5 Nh7 23. Bxe7 Qxe7 24. Qe3 Nf6 25. e5 dxe5 26. Rxd8+ Rxd8 27. Qxe5 Ne8 28. Na4 Qc7 29. Qxc7+ Kxc7 30. Nxc5 Bc8 31. a4 Kb6 32. Ne4 Bb7 33. Ng5 Rd7 34. Bc4 Nd6 35. Bd3 Bc6 36. b3 Ne8 37. Ne4 Bxe4 38. Bxe4 f5 39. Bf3 Nf6 40. Rg6 Rf7 41. b4 Kc7 42. a5 e5 43. Be2 e4 44. Bxa6 Nxh5 45. Bc4 Re7 46. a6 Nf4 47. Rg3 Kb6 48. Kd2 Rc7 49. Bf1 Nd5 50. Rg6+ Ka7 51. b5 Nb6 52. c4 Nxc4+ 53. Bxc4 Rxc4 54. Rxg7+ Kb6 55. Rb7+ 1-0


[Site "https://www.chess.com"]

[Event "Titled Tuesday Blitz June 8 2021"]
[White "Erden, Kadir"]
[Black "Jobava, Baadur"]
[WhiteFideId "6305776"]
[BlackFideId "13601520"]
[WhiteElo "2467"]
[BlackElo "2853"]
[Result "1/2-1/2"]
[Round "01"]
[TimeControl "180+1"]
[Date "2021.06.08"]
[WhiteClock "0:00:19"]
[BlackClock "0:00:55"]

1. d4 Nf6 2. Bg5 e6 3. e4 h6 4. Bxf6 Qxf6 5. c3 Qd8 6. Bd3 b6 7. Ne2 Bb7 8. O-O Be7 9. f4 O-O 10. Nd2 d6 11. Nf3 Nd7 12. Ng3 Re8 13. Qd2 e5 14. Nf5 Bf8 15. Rae1 g6 16. Ng3 h5 17. f5 Bg7 18. fxg6 fxg6 19. d5 Rf8 20. b4 a5 21. a3 axb4 22. axb4 Qe7 23. Bb5 Nf6 24. h3 Nh7 25. Ra1 Rxa1 26. Rxa1 Bc8 27. Qe3 h4 28. Nh1 Nf6 29. Nf2 Nh5 30. Ra7 Nf4 31. Bf1 Bh6 32. Kh1 Qg7 33. Qe1 Nxh3 34. Nxh3 Bxh3 35. Qxh4 Bc8 36. Be2 Be3 37. Ra8 Bd7 38. Rxf8+ Qxf8 39. g3 Kg7 40. Kg2 Qf6 41. Qxf6+ Kxf6 42. b5 g5 43. Nh2 Bd2 44. c4 Be8 45. Bg4 Bg6 46. Kf3 Bc3 47. Bd7 Bd4 48. Ng4+ Ke7 49. Bf5 Bh5 50. Kg2 Bc3 51. Kf3 Be1 52. Kg2 Kf7 53. Kf3 Kg7 54. Kg2 Bb4 55. Kf3 Bc5 56. Kg2 1/2-1/2


[Site "https://www.chess.com"]